 Dungeon Crawl Stone Soup version 0.18.1-48-g4cf74bf (webtiles) character file.

195 HAWKINGL3623 the Caller (level 5, -5/39 HPs)
             Began as a Demigod Summoner on Aug 12, 2016.
             Hit by a poisoned tomahawk thrown by an orc (8 damage)
             ... on level 5 of the Dungeon on Aug 15, 2016.
             The game lasted 01:10:53 (4302 turns).

HAWKINGL3623 the Caller (Demigod Summoner)          Turns: 4302, Time: 01:10:54

Health: -5/39      AC:  3    Str: 11    XL:     5   Next: 21%
Magic:  4/12       EV: 13    Int: 21    God:
Gold:   263        SH:  0    Dex: 19    Spells: 4 memorised, 0 levels left

rFire  + . .     SeeInvis .     d - +2 short sword
rCold  + . .     Gourm    .     a - +0 robe
rNeg   . . .     Faith    .     (no shield)
rPois  +         Spirit   .     (no helmet)
rElec  +         Dismiss  .     (no cloak)
rCorr  +         Reflect  .     (no gloves)
SustAt +         Harm     .     m - +0 pair of boots
MR     .....                    p - amulet of regeneration
Stlth  +.........               n - +1 ring of slaying
                                g - +3 ring of dexterity

@: confused, resistant, not resistant to hostile enchantments, very unstealthy
A: high mp 1, sustain attributes
a: no special abilities


You were on level 5 of the Dungeon.
You were very hungry.

You visited 1 branch of the dungeon, and saw 5 of its levels.

You collected 363 gold pieces.
You spent 100 gold pieces at shops.

Inventory:

Hand Weapons
 d - a +2 short sword (weapon)
Missiles
 e - 78 stones (quivered)
 f - 6 tomahawks
Armour
 a - a +0 robe (worn)
 m - a +0 pair of boots (worn)
Jewellery
 g - a +3 ring of dexterity (left hand)
 n - a +1 ring of slaying (right hand)
 p - an amulet of regeneration (around neck)
Scrolls
 h - 4 scrolls of identify
 k - a scroll of teleportation
 l - a scroll of remove curse
 r - 2 scrolls of amnesia
Potions
 j - a potion of brilliance
Books
 b - a book of Callings

   Spells                             Type                      Level
   a - Summon Small Mammal            Summoning                    1
   b - Call Imp                       Summoning                    2
   c - Call Canine Familiar           Summoning                    3
   d - Summon Guardian Golem          Hexes/Summoning              3
   e - Summon Lightning Spire         Summoning/Air                4
   f - Summon Ice Beast               Ice/Summoning                4
Comestibles
 c - 4 bread rations
 i - a meat ration


   Skills:
 + Level 0.8 Fighting
 + Level 0.3 Short Blades
 + Level 0.5 Throwing
 + Level 2.6 Dodging
 + Level 2.5 Stealth
 + Level 3.0 Spellcasting
 + Level 4.4 Summonings


You couldn't memorise any spells.
You knew the following spells:

 Your Spells              Type           Power        Failure   Level  Hunger
a - Summon Small Mammal   Summ           ###.         1%          1    None
b - Call Imp              Summ           ###.....     3%          2    ##.....
c - Call Canine Familiar  Summ           ###.....     10%         3    ###....
d - Summon Lightning Spi  Summ/Air       ##......     67%         4    ####...


Dungeon Overview and Level Annotations

Branches:
Dungeon (5/15)
 Temple: D:4-7

Shops:
D:4 [:!

Annotations:
D:5 Blork the orc


Innate Abilities, Weirdness & Mutations

You have an increased reservoir of magic (+10% MP).
Your attributes are resistant to harm.


Message History

* * * LOW HITPOINT WARNING * * *
Your crimson imp hits the orc priest.
Your crimson imp barely misses the orc priest.
The orc priest closely misses you.
The orc priest closely misses your crimson imp.
Your crimson imp barely misses the orc priest.
Drink which item? (? for menu, Esc to quit)
Okay, then.
You're too confused to move!
Your surroundings suddenly seem different.
An orc comes into view.
The orc shouts!
An orc wizard comes into view. It is wielding a dagger.
The orc wizard shouts!
An orc priest comes into view.
The orc priest shouts!
An orc comes into view. It is wielding a whip.
The orc shouts!
The orc throws a poisoned tomahawk.
The poisoned tomahawk hits you!
You die...

...............
............###
..
.............#
#.
.........#.#s..
..
..Z......$.#.##
.# .........#..
# ##<# .
###..####
....#.......#
.......@o.o.#
#(........o.#
........o..o#
#.....###.###
#..... .#
#..#.. .# ##.#.
. # .. .


You could see an orc priest, 2 orc wizards and 2 orcs.

Vanquished Creatures
  2 worker ants (D:4)
  2 adders (D:2)
  An ooze (D:2)
  A dart slug (D:1)
  3 orcs
  A giant cockroach (D:2)
  3 goblins
  3 hobgoblins (D:2)
  2 jackals (D:3)
  2 ball pythons
  5 bats
  2 giant newts
  7 kobolds
  10 rats
  A fungus (D:3)
45 creatures vanquished.

Vanquished Creatures (collateral kills)
  2 orc wizards
  2 worker ants (D:4)
  An adder (D:4)
  3 worms
  2 giant geckos
  5 orcs
  2 giant cockroaches
  2 goblins
  2 hobgoblins (D:3)
  2 jackals (D:3)
  A quokka (D:4)
  A bat (D:2)
  A giant newt (D:3)
  2 kobolds
  3 rats
31 creatures vanquished.

Grand Total: 76 creatures vanquished

Notes
Turn   | Place    | Note
--------------------------------------------------------------
     0 | D:1      | HAWKINGL3623 the Demigod Summoner began the quest for the Orb.
     0 | D:1      | Reached XP level 1. HP: 14/14 MP: 5/5
   508 | D:1      | Reached XP level 2. HP: 22/22 MP: 5/7
   512 | D:1      | Learned a level 2 spell: Call Imp
   880 | D:2      | Reached skill level 4 in Summonings
  1299 | D:2      | Reached XP level 3. HP: 10/27 MP: 3/8
  1727 | D:2      | Learned a level 3 spell: Call Canine Familiar
  2504 | D:3      | Reached XP level 4. HP: 23/34 MP: 1/10
  2634 | D:3      | Found a burning altar of Makhleb.
  2634 | D:3      | Noticed a cacodemon
  2638 | D:3      | Noticed a ynoxinul
  2638 | D:3      | Noticed a hellwing
  2667 | D:3      | Found a bloodstained altar of Trog.
  3341 | D:4      | Found Tauhuasu's Book Shop.
  3480 | D:4      | Found Oruemmif's Armour Shoppe.
  3517 | D:4      | Reached XP level 5. HP: 39/39 MP: 4/12
  3972 | D:4      | Found Fanwua's Distillery.
  3975 | D:4      | Bought a potion of heal wounds for 50 gold pieces
  3975 | D:4      | Bought a potion of heal wounds for 50 gold pieces
  4190 | D:4      | Learned a level 4 spell: Summon Lightning Spire
  4255 | D:5      | Entered Level 5 of the Dungeon
  4255 | D:5      | Noticed Blork the orc
  4298 | D:5      | HP: 1/39 [orc wizard/magic dart (5)]
  4302 | D:5      | Hit by a poisoned tomahawk thrown by an orc

Skill      XL: |  1  2  3  4  5 |
---------------+----------------+-----
Summonings     | 4 |  4.4
Spellcasting   | 2 3 |  3.0
Stealth        | 2 |  2.5
Dodging        | 2 |  2.6
Fighting       | |  0.8
Short Blades   | |  0.3
Throwing       | |  0.5

Action                   |  1- 3 |  4- 6 || total
-------------------------+-------+-------++-------
Melee: Short sword       |    69 |    57 ||   126
       Unarmed           |     2 |       ||     2
Throw: Stone             |    19 |     9 ||    28
 Cast: Summon Small Mamm |    20 |       ||    20
       Call Imp          |    12 |    17 ||    29
       Call Canine Famil |     2 |     9 ||    11
  Use: Scroll            |     6 |     6 ||    12
       Potion            |     3 |     8 ||    11
 Stab: Sleeping          |    10 |     2 ||    12
       Distracted        |       |     2 ||     2
  Eat: Chunk             |     3 |     4 ||     7
       Bread ration      |     1 |       ||     1
       Beef jerky        |       |     1 ||     1
Armor: Robe              |     8 |    21 ||    29
Dodge: Dodged            |    40 |    70 ||   110
